 Dungeon Crawl Stone Soup version 0.29.0-11-gd7f09526c8 (webtiles) character file.

Game seed: 3029266290982913382

19840 greasedhog the Grappler (level 12, 0/183 HPs)
             Began as a Troll Fighter on Sept 4, 2022.
             Was an Elder of Wu Jian.
             Slain by a nine-headed hydra (6 damage)
             ... on level 1 of the Lair of Beasts.
             The game lasted 00:22:10 (9895 turns).

greasedhog the Grappler (Troll Fighter)             Turns: 9895, Time: 00:22:12

Health: 0/183      AC: 26    Str: 27    XL:     12   Next: 40%
Magic:  11/11      EV:  1    Int:  8    God:    Wu Jian [****..]
Gold:   952        SH:  9    Dex:  9    Spells: 11/11 levels left

rFire   . . .      SeeInvis .     - Unarmed
rCold   . . .      Faith    .   b - +0 kite shield
rNeg    . . .      Spirit   .   (body armour currently unavailable)
rPois   +          Reflect  .   (helmet currently unavailable)
rElec   .          Harm     .   (cloak currently unavailable)
rCorr   .          Rampage  .   (gloves unavailable)
Will    .....      NoTele   +   (boots unavailable)
Stlth   +.........              h - amulet of magic regeneration
HPRegen 1.20/turn               (no ring)
MPRegen 0.52/turn               (no ring)

@: tree-form
A: stationary, stasis, torment immunity, boosted hp, large, unfitting armour,
(claws 3), regeneration 1, (shaggy fur 1), (tough skin 1)
a: Renounce Religion, Wall Jump, Serpent's Lash


You were on level 1 of the Lair of Beasts.
You worshipped Wu Jian.
Wu Jian was greatly pleased with you.
You were a tree.
You visited 4 branches of the dungeon, and saw 14 of its levels.
You also visited: Sewer and Bailey.

You collected 1051 gold pieces.
You spent 99 gold pieces at shops.

Inventory:

Missiles
 B - 2 throwing nets (quivered)
Armour
 b - a +0 kite shield (worn)
 n - a +0 troll leather armour (melded) {Pargi}
 s - a +0 cloak (melded)
 H - a +2 robe of resistance
Jewellery
 h - an amulet of magic regeneration (around neck)
Wands
 t - a wand of flame (53)
 E - a wand of acid (4)
Scrolls
 a - a scroll of enchant weapon
 d - 11 scrolls of teleportation
 i - 2 scrolls of amnesia
 j - 4 scrolls of enchant armour
 k - 2 scrolls of immolation
 o - 2 scrolls of fog
 p - 3 scrolls of magic mapping
 r - 3 scrolls of poison
 u - a scroll of vulnerability
 w - 2 scrolls of blinking {unknown}
 x - a scroll of brand weapon {unknown}
 y - 2 scrolls of acquirement {unknown}
 G - a scroll of silence {unknown}
 J - a scroll of noise {unknown}
Potions
 c - a potion of might
 e - 2 potions of lignification
 f - 2 potions of brilliance {unknown}
 g - a potion of resistance {unknown}
 l - 4 potions of curing
 q - 5 potions of mutation {unknown}
 z - a potion of flight {unknown}
 A - a potion of invisibility {unknown}
 C - a potion of degeneration {unknown}
 D - a potion of berserk rage {unknown}
 F - a potion of cancellation {unknown}
 K - a potion of magic {unknown}


   Skills:
 + Level 8.6 Fighting
 + Level 6.9 Dodging
 + Level 9.4 Shields
 * Level 13.8 Unarmed Combat


You had 11 spell levels left.
You didn't know any spells.
Your spell library contained the following spells:

 Spells                   Type           Power      Damage    Failure   Level
 Apportation              Tloc           0%         N/A       63%         1
 Necrotise                Necr           0%         1d4       63%         1
 Sandblast                Erth           0%         2d4       63%         1
 Summon Small Mammal      Summ           0%         N/A       63%         1
 Passwall                 Tmut/Erth      0%         N/A       77%         2
 Poisonous Vapours        Pois/Air       0%         N/A       77%         2
 Frozen Ramparts          Ice            0%         1d1       94%         3
 Gell's Gravitas          Tloc           0%         N/A       94%         3
 Lesser Beckoning         Tloc           0%         N/A       94%         3
 Stone Arrow              Conj/Erth      0%         3d7       94%         3
 Teleport Other           Tloc           0%         N/A       94%         3
 Tukima's Dance           Hex            0%         N/A       94%         3
 Corpse Rot               Necr/Pois/Air  0%         N/A       100%        4
 Ice Form                 Ice/Tmut       0%         N/A       100%        4
 Passage of Golubria      Tloc           0%         N/A       100%        4
 Summon Ice Beast         Ice/Summ       0%         N/A       100%        4
 Alistair's Intoxication  Tmut/Pois      0%         N/A       100%        5
 Yara's Violent Unravell  Hex/Tmut       0%         3d3       100%        5


Dungeon Overview and Level Annotations

Branches:
Dungeon (11/15)            Temple (1/1) D:7            Lair (1/5) D:11
    Orc (1/2) D:9           Sewer (visited)          Bailey (visited)

Altars:
Ashenzari
Cheibriados
Dithmenos
Elyvilon
Fedhas
Gozag
Hepliaklqana
Kikubaaqudgha
Makhleb
Nemelex Xobeh
Okawaru
Qazlal
Ru
Sif Muna
Trog
Uskayaw
Vehumet
Wu Jian
Xom
Yredelemnul
Zin
The Shining One

Shops:
D:3 [   D:5 [   D:6 *

Portals:
Trove: D:10 (give 2 scrolls of acquirement)

Annotations:
D:6 2 transporters, Esekla's ghost, novice BaCA


Innate Abilities, Weirdness & Mutations

You are a tree.
Your roots penetrate the ground, keeping you stationary.
You cannot be teleported.
You are immune to unholy pain and torment.
Your maximum health is greatly increased.
Your equipment is partially melded.
You are too large for most types of armour.
((You have claws for hands.))
Your natural rate of healing is unusually fast.
((You are covered in fur. (AC +1)))
((You have tough skin. (AC +1)))


Message History

Okay, then.
You feel much better. The nine-headed hydra bites you.
* * * LOW HITPOINT WARNING * * *
The nine-headed hydra closely misses you.
The nine-headed hydra barely misses you. x2
The nine-headed hydra bites you!
* * * LOW HITPOINT WARNING * * *
The nine-headed hydra bites you but does no damage.
The nine-headed hydra bites you.
* * * LOW HITPOINT WARNING * * *
The nine-headed hydra bites you.
* * * LOW HITPOINT WARNING * * *
The nine-headed hydra closely misses you.
Really quaff the potion of lignification?
You turn into a tree.
Your +0 cloak melds into your body.
Your +0 troll leather armour {Pargi} melds into your body.
Your roots penetrate the ground.
The nine-headed hydra bites you but does no damage. x2
You block the nine-headed hydra's attack.
The nine-headed hydra bites you.
* * * LOW HITPOINT WARNING * * *
The nine-headed hydra bites you but does no damage. x3
The nine-headed hydra bites you.
* * * LOW HITPOINT WARNING * * *
The nine-headed hydra bites you but does no damage.
You feel better.
The nine-headed hydra bites you but does no damage. x3
You block the nine-headed hydra's attack.
The nine-headed hydra bites you!
* * * LOW HITPOINT WARNING * * *
You block the nine-headed hydra's attack.
The nine-headed hydra bites you but does no damage. x3
You feel better. The nine-headed hydra bites you!
* * * LOW HITPOINT WARNING * * *
You block the nine-headed hydra's attack.
The nine-headed hydra bites you but does no damage.
You block the nine-headed hydra's attack.
The nine-headed hydra bites you but does no damage. x2
The nine-headed hydra bites you.
You die...

#######
......#####
..........#
..........## .
......###..######
..
......##..###.#.##
..D
......###........#
Y... ...>..#
#..#####♣# .....
......# #.##
#D#...... ......#
#.# #Y.......
......# #.#
#.?#...... ......#
#.. ...........
......#
#...............
......#
########........
......# #Y###....
......## ### #...


You could see a nine-headed hydra and 2 yaks.

Vanquished Creatures
  A hydra (Lair:1)
  A boulder beetle (Lair:1)
  A catoblepas (Lair:1)
  A two-headed ogre (D:11)
  Erica (D:10)
  A centaur warrior (D:9)
  Sonja (Lair:1)
  Amaemon (Lair:1)
  A black mamba (Lair:1)
  2 gargoyles
  2 cane toads (Lair:1)
  An orange demon (Lair:1)
  An unseen horror (D:9)
  2 kobold demonologists
  2 komodo dragons (Lair:1)
  A hornet (D:8)
  Grinder (D:5)
  3 blink frogs (Lair:1)
  A shadow (D:7)
  A basilisk (D:11)
  4 wyverns
  5 steam dragons
  19 yaks
  An acid dragon (D:9)
  7 water moccasins
  Pargi (Sewer)
  11 orc warriors
  A sky beast (D:6)
  2 ice beasts (D:8)
  3 ogres
  A centaur (D:7)
  2 black bears
  14 wolves (Lair:1)
  A phantom (D:4)
  A kobold brigand (D:11)
  A necrophage (D:8)
  A gnoll sergeant (D:10)
  2 bullfrogs
  6 scorpions
  9 wights
  11 killer bees
  An electric eel (Lair:1)
  7 howler monkeys
  4 hounds
  3 orc priests
  A jelly (D:5)
  2 gnoll boudas
  Natasha (thrice) (D:3)
  4 iguanas
  6 orc wizards
  12 gnolls
  10 adders
  A white imp (D:6)
  2 ufetubi (D:5)
  4 worms
  4 dart slugs
  44 orcs
  10 endoplasms
  5 giant cockroaches
  7 goblins
  3 hobgoblins (D:1)
  5 jackals
  4 quokkas
  10 ball pythons
  6 bats
  4 frilled lizards
  12 kobolds
  10 rats
313 creatures vanquished.

Vanquished Creatures (others)
  A gnoll (D:10)
  2 orcs (D:10)
  A bush (D:11)
  6 fungi
  23 plants
33 creatures vanquished.

Grand Total: 346 creatures vanquished

Notes
Turn   | Place    | Note
-------+----------+-------------------------------------------
     0 | D:1      | greasedhog the Troll Fighter began the quest for the Orb.
     0 | D:1      | Reached XP level 1. HP: 22/22 MP: 0/0
   113 | D:1      | Reached XP level 2. HP: 29/29 MP: 1/1
   695 | D:2      | Reached XP level 3. HP: 36/36 MP: 2/2
   722 | D:2      | Reached skill level 3 in Unarmed Combat
   881 | D:2      | Reached XP level 4. HP: 44/44 MP: 3/3
  1170 | D:3      | Found a glowing drain.
  1188 | Sewer    | Entered a sewer
  1241 | Sewer    | Noticed Pargi
  1256 | Sewer    | Killed Pargi
  1257 | Sewer    | Reached skill level 4 in Unarmed Combat
  1257 | Sewer    | Reached XP level 5. HP: 29/53 MP: 4/4
  1571 | D:3      | Noticed Natasha
  1577 | D:3      | Killed Natasha
  1607 | D:3      | Reached XP level 6. HP: 58/61 MP: 5/5
  1820 | D:3      | Found Ebubri's Antique Armour Shoppe.
  1828 | D:3      | Bought a cloak for 99 gold pieces
  1914 | D:3      | Noticed Natasha
  1922 | D:3      | Killed Natasha
  1986 | D:3      | Reached skill level 5 in Unarmed Combat
  2006 | D:3      | Noticed Natasha
  2012 | D:3      | Killed Natasha
  2271 | D:4      | Reached XP level 7. HP: 67/68 MP: 6/6
  2750 | D:4      | Found a glowing golden altar of the Shining One.
  2818 | D:4      | Found a white marble altar of Elyvilon.
  2964 | D:5      | Entered Level 5 of the Dungeon
  2988 | D:5      | Found a shadowy altar of Dithmenos.
  2991 | D:5      | Found a blossoming altar of Fedhas.
  2996 | D:5      | Found a radiant altar of Vehumet.
  3045 | D:5      | Found Qaraf's Antique Armour Emporium.
  3050 | D:5      | Reached skill level 6 in Unarmed Combat
  3102 | D:5      | Noticed Grinder
  3108 | D:5      | Killed Grinder
  3253 | D:5      | Reached skill level 5 in Shields
  3253 | D:5      | Reached XP level 8. HP: 55/79 MP: 7/7
  3319 | D:5      | Found a glowing silver altar of Zin.
  3325 | D:5      | Reached skill level 7 in Unarmed Combat
  3366 | D:5      | Found a shimmering blue altar of Sif Muna.
  3382 | D:5      | Identified the +9 plate armour of the Turtledove {+Inv}
  3710 | D:5      | Reached skill level 5 in Fighting
  3835 | D:6      | Identified the +1 spear of World Downfall {elec, *Noise
                  | Will+ Str+3}
  3960 | D:6      | Found Teciocao's General Store.
  4159 | D:6      | Found a transporter.
  4166 | D:6      | Reached skill level 8 in Unarmed Combat
  4186 | D:6      | Found a transporter.
  4188 | D:6      | Noticed Esekla's ghost (novice BaCA)
  4526 | D:7      | Found a basalt altar of Yredelemnul.
  4591 | D:7      | Reached XP level 9. HP: 88/88 MP: 8/8
  4626 | D:7      | Found a stormy altar of Qazlal.
  4809 | D:7      | Found a staircase to the Ecumenical Temple.
  4845 | Temple   | Entered the Ecumenical Temple
  4965 | Temple   | Became a worshipper of the Wu Jian Council
  5169 | D:8      | Reached skill level 9 in Unarmed Combat
  5202 | D:8      | Noticed a kobold demonologist
  5214 | D:8      | Noticed an orange demon
  5216 | D:8      | Killed a kobold demonologist
  5242 | D:8      | Found a flagged portal.
  5269 | Bailey   | Entered a bailey
  5464 | Bailey   | Reached * piety under Wu Jian
  5477 | Bailey   | Reached skill level 10 in Unarmed Combat
  5741 | Bailey   | Reached XP level 10. HP: 49/100 MP: 9/9
  5812 | Bailey   | Identified the +1 pair of gloves "Ykkuec" {rF+ Int+4}
  6078 | D:8      | Found a hazy altar of Hepliaklqana.
  6559 | D:9      | Found a bloodstained altar of Trog.
  6682 | D:9      | Reached ** piety under Wu Jian
  6800 | D:9      | Reached skill level 11 in Unarmed Combat
  6805 | D:9      | Identified the +1 robe of Mupn {Rampage Int+6 Slay-6
                  | Stlth+}
  6853 | D:9      | Found a staircase to the Orcish Mines.
  6982 | D:9      | Found a burning altar of Makhleb.
  6986 | D:9      | Noticed a centaur warrior
  6996 | D:9      | Killed a centaur warrior
  6997 | D:9      | Reached skill level 5 in Dodging
  7577 | D:10     | Entered Level 10 of the Dungeon
  7656 | D:10     | Reached *** piety under Wu Jian
  7665 | D:10     | Reached XP level 11. HP: 101/108 MP: 10/10
  7682 | D:10     | Noticed Erica
  7689 | D:10     | Killed Erica
  8073 | D:10     | Found a portal to a secret trove of treasure.
  8332 | D:11     | Found a staircase to the Lair.
  8342 | D:11     | Noticed a two-headed ogre
  8344 | D:11     | Reached skill level 12 in Unarmed Combat
  8367 | D:11     | Killed a two-headed ogre
  8380 | D:11     | Identified the +9 spear of the Egg {spect, rPois rF+ rC+
                  | Dex-5}
  8551 | D:11     | Reached **** piety under Wu Jian
  9045 | Orc:1    | Entered Level 1 of the Orcish Mines
  9073 | Orc:1    | Noticed an orc warlord
  9158 | Lair:1   | Entered Level 1 of the Lair of Beasts
  9158 | Lair:1   | Noticed an eight-headed hydra
  9162 | Lair:1   | Killed a 12-headed hydra
  9162 | Lair:1   | Noticed a boulder beetle
  9212 | Lair:1   | Killed a boulder beetle
  9294 | Lair:1   | Reached skill level 13 in Unarmed Combat
  9314 | Lair:1   | Noticed Amaemon
  9354 | Lair:1   | Killed Amaemon
  9355 | Lair:1   | Reached XP level 12. HP: 65/120 MP: 11/11
  9419 | Lair:1   | Noticed Sonja
  9440 | Lair:1   | HP: 4/120 [cane toad (12)]
  9442 | Lair:1   | Killed Sonja
  9665 | Lair:1   | Noticed a catoblepas
  9686 | Lair:1   | Killed a catoblepas
  9878 | Lair:1   | Noticed a seven-headed hydra
  9891 | Lair:1   | HP: 3/122 [nine-headed hydra (4)]
  9891 | Lair:1   | HP: 1/122 [nine-headed hydra (2)]
  9895 | Lair:1   | Slain by a nine-headed hydra

Illustrated notes

Levels and vault maps discovered:
D:1:      dpeg_arrival_tiny_k, layout_loops_ring
D:2:      minmay_alternating_diamond, layout_rooms, serial_bayou_pond_d
D:3:      layout_loops_ring, serial_shops, shop, cheibrodos_sewer_entry_drain,
          solitary_fountain, minivault_27, corexii_leaking_fountain,
          hangedman_decor_clover_reticule, dreamdust_princess_corridor,
          grunt_ministairs_12, dreamdust_princess_bridge,
          kennysheep_generic_room_12, uniq_natasha
D:4:      layout_basic, nicolae_elyvilon_temple_path, tso_altar
D:5:      layout_cave_pools, zin_statuary, mainiacjoe_overflow_boulevard,
          grunt_temple_overflow_diamond, serial_shops, nicolae_diamond_shop,
          minivault_23, uniq_grinder
D:6:      layout_loops_ring, gammafunk_ghost_gnarly_gnolls, serial_shops, shop
D:7:      layout_cave_pools, grunt_qazlal_clouds, marbit_many_paths,
          minmay_temple_entry_proselytizer, minmay_misc_feat_more_columns,
          roderic_serpentine_path
D:8:      layout_loops_ring, nicolae_hepliaklqana_hazy_memory, enter_bailey_5,
          minmay_crystal_room
D:9:      layout_basic, overflow_temple_1_default, bloody_trog, david_orc_3,
          palyth_stone_intersect
D:10:     layout_basic, enter_trove_6, uniq_erica
D:11:     layout_roguey, minmay_lair_entry_grove
Temple:   hellmonk_temple_beads
Lair:1:   beast_lair_carwin_large_3, layout_gridlike, enter_volcano_4,
          uniq_amaemon, uniq_sonja
Orc:1:    layout_diamond_mine, serial_shops, shop_scrolls

Skill      XL: |  1  2  3  4  5  6  7  8  9 10 11 |
---------------+----------------------------------+-----
Shields        | 3 4 5 6 7 9 |  9.4
Unarmed Combat | 3 4 5 6 8 10 11 13 | 13.8
Fighting       | 3 4 5 6 7 8 |  8.6
Dodging        | 3 5 6 |  6.9

Action                   |  1- 3 |  4- 6 |  7- 9 | 10-12 || total
-------------------------+-------+-------+-------+-------++-------
Melee: Unarmed           |    96 |   140 |   264 |   525 ||  1025
Throw: Throwing net      |       |       |       |     1 ||     1
Invok: Lunge             |       |       |    12 |    44 ||    56
       Whirlwind         |       |       |       |    15 ||    15
Evoke: Wand              |       |       |     3 |    10 ||    13
  Use: Scroll            |     4 |     2 |     3 |     5 ||    14
       Potion            |       |       |     1 |    16 ||    17
 Stab: Sleeping          |     1 |     1 |       |       ||     2
Armor: Robe              |    34 |    17 |       |       ||    51
       Troll leather arm |       |    30 |    87 |   125 ||   242
       Skin              |       |       |       |    27 ||    27
Dodge: Dodged            |    30 |    38 |    95 |   159 ||   322
Block: Kite shield       |    36 |    44 |   122 |   241 ||   443
